 Dungeon Crawl Stone Soup version 0.22.0-6-g71bd7aa (webtiles) character file.

3 Amnesiac the Magician (level 1, -2/13 HPs)
             Began as a Mummy Air Elementalist on Aug 15, 2018.
             Slain by a centaur skeleton (7 damage)
             ... on level 4 of the Dungeon.
             The game lasted 00:02:23 (487 turns).

Amnesiac the Magician (Mummy Air Elementalist)       Turns: 487, Time: 00:02:24

Health: -2/13      AC:  2    Str: 11    XL:     1   Next: 41%
Magic:  1/4        EV: 12    Int: 14    God:
Gold:   30         SH:  0    Dex: 12    Spells: 4/5 levels left

rFire    x . .     SeeInvis .   (no weapon)
rCold    + . .     Gourm    .   (no shield)
rNeg     + + +     Faith    .   a - +0 robe
rPois    ∞         Spirit   .   (no helmet)
rElec    .         Reflect  .   (no cloak)
rCorr    .         Harm     .   (no gloves)
MR       .....                  (no boots)
Stlth    ++........             (no amulet)
HPRegen  0.04/turn              (no ring)
MPRegen  0.09/turn              (no ring)

@: no status effects
A: no food or potions, fire vulnerability, cold resistance 1, negative energy
resistance 3, torment resistance, unbreathing
a: no special abilities


You were on level 4 of the Dungeon.
You were not hungry.

You visited 1 branch of the dungeon, and saw 5 of its levels.

You collected 30 gold pieces.

Inventory:

Armour
 a - a +0 robe (worn)
Scrolls
 b - 2 scrolls of teleportation {!r, unknown}
 c - a scroll of identify {!r, unknown}


   Skills:
 - Level 1.5 Dodging
 - Level 1.5 Stealth
 - Level 2.6 Spellcasting
 - Level 0.7 Conjurations
 + Level 2.6 Air Magic


You had 4 spell levels left.
You knew the following spells:

 Your Spells              Type           Power        Failure   Level  Hunger
a - Shock                 Conj/Air       #...         11%         1    N/A

Your spell library contained the following spells:

 Spells                   Type           Power        Failure   Level  Hunger
 Lightning Bolt           Conj/Air       #.........   97%         5    N/A
 Swiftness                Chrm/Air       #.......     21%         2    N/A
 Airstrike                Air            #.........   58%         4    N/A
 Static Discharge         Conj/Air       #.......     32%         3    N/A

Dungeon Overview and Level Annotations

Branches:
Dungeon (5/15)
 Temple: D:4-7

Altars:

Shops:
D:4 *

Annotations:
D:4 exclusions: downstairs, iguana, worker ant and worm


Innate Abilities, Weirdness & Mutations

You do not eat or drink.
Your flesh is vulnerable to fire.
You are immune to poison.
Your flesh is cold resistant. (rC+)
You are immune to negative energy. (rN+++)
You are immune to unholy pain and torment.
You can survive without breathing.


Message History

You can't see any susceptible monsters within range! (Use Z to cast anyway.)
You start resting.
Magic restored.
You start resting.
Magic restored.
You see here a quokka corpse.
An iguana comes into view.
An iguana is nearby!
You see here a quokka corpse.
There is an escape hatch in the floor here.
A centaur skeleton comes into view.
A centaur skeleton is nearby!
A centaur skeleton is nearby!
You start waiting.
The centaur skeleton is too close now for your liking.
Casting: Shock (safe; 11% risk of failure)
Confirm with . or Enter, or press ? or * to list all spells.
Aiming: Shock (safe; 11% risk of failure)
Press: ? - help, Shift-Dir - straight line, f - centaur skeleton
Aim: a centaur skeleton The zap hits the centaur skeleton.
The centaur skeleton is lightly damaged.
The zap hits the centaur skeleton.
The centaur skeleton is lightly damaged.
Casting: Shock (safe; 11% risk of failure)
Confirm with . or Enter, or press ? or * to list all spells.
Aiming: Shock (safe; 11% risk of failure)
Press: ? - help, Shift-Dir - straight line, f/p - centaur skeleton
Aim: a centaur skeleton (lightly damaged)
The zap hits the centaur skeleton.
The centaur skeleton is moderately damaged.
The zap hits the centaur skeleton.
The centaur skeleton is heavily damaged.
The centaur skeleton barely misses you.
Unknown command.
Casting: Shock (safe; 11% risk of failure)
Confirm with . or Enter, or press ? or * to list all spells.
Aiming: Shock (safe; 11% risk of failure)
Press: ? - help, Shift-Dir - straight line, f/p - centaur skeleton
Aim: a centaur skeleton (heavily damaged)
The zap hits the centaur skeleton.
The centaur skeleton is heavily damaged.
The zap hits the centaur skeleton.
The centaur skeleton is severely damaged.
The centaur skeleton barely misses you.
Unknown command.
Casting: Shock (safe; 11% risk of failure)
Confirm with . or Enter, or press ? or * to list all spells.
Aiming: Shock (safe; 11% risk of failure)
Press: ? - help, Shift-Dir - straight line, f/p - centaur skeleton
Aim: a centaur skeleton (severely damaged)
The zap hits the centaur skeleton.
The centaur skeleton is severely damaged.
The zap hits the centaur skeleton.
The centaur skeleton is severely damaged.
The centaur skeleton closely misses you.
Unknown command.
The centaur skeleton closely misses you.
The centaur skeleton hits you!
Ouch! That really hurt!
* * * LOW HITPOINT WARNING * * *
The centaur skeleton hits you!
Ouch! That really hurt!
You die...

#.............#.......Z.
#...#...#...###..#
###.........# #..#
###...##### #..#
##....># #..# #.###.#
#..# #.# #.# #.>#
#.###.####..#
#.#...@Z....#
#.#.#.#####.# ....#.#
#.# ..# #.# #.# ##. #.#
#.# # !.# #.# ### #.#
#.# #.#


You could see a centaur skeleton.

Vanquished Creatures
  A goblin (D:2)
  A quokka (D:4)
  A bat (D:2)
3 creatures vanquished.

Notes
Turn   | Place    | Note
-------+----------+-------------------------------------------
     0 | D:1      | Amnesiac the Mummy Air Elementalist began the quest for the Orb.
     0 | D:1      | Reached XP level 1. HP: 13/13 MP: 4/4
   203 | D:4      | Noticed a phantom
   332 | D:4      | Noticed a worker ant
   349 | D:4      | Found Yvvybac's Assorted Antiques.
   380 | D:5      | Entered Level 5 of the Dungeon
   380 | D:5      | Noticed a centaur
   447 | D:4      | Noticed an iguana
   487 | D:4      | Slain by a centaur skeleton

Action                   || total
-------------------------++-------
 Cast: Shock             ||    16
Armor: Robe              ||     5
Dodge: Dodged            ||    15
